 Dungeon Crawl Stone Soup version 0.31-a0-152-g6aa68a64a1 (webtiles) character file.

Game seed: 4945911556107082383

144 qw the Chopper (level 5, -1/32 HPs)
             Began as a Gargoyle Fighter on June 10, 2023.
             Frozen to death by an endoplasm (3 damage)
             ... on level 2 of the Dungeon.
             The game lasted 00:01:12 (1911 turns).

qw the Chopper (Gargoyle Fighter)                   Turns: 1911, Time: 00:01:12

Health: -1/32      AC: -1    Str: 21    XL:     5   Next: 27%
Magic:  5/5        EV:  9    Int:  9    God:
Gold:   102        SH:  4    Dex:  9    Spells: 4/4 levels left

rFire   . . .        Y - +0 war axe
rCold   . . .        c - +0 buckler
rNeg    + . .        b - +0 scale mail
rPois   inf          (no helmet)
rElec   +            (no cloak)
rCorr   .            (no gloves)
SInv    .            (no boots)
Will    .....        (no amulet) Stlth
                     (no ring)
HPRegen 0.25/turn    (no ring)
MPRegen 0.09/turn

%: no passive effects
@: corroded
A: sickness immunity, AC +4, negative energy resistance 1, electricity
resistance, torment resistance 1, petrification resistance
a: no special abilities


You were on level 2 of the Dungeon.
You visited 1 branch of the dungeon, and saw 2 of its levels.

You collected 102 gold pieces.


Innate Abilities, Weirdness & Mutations

You are immune to sickness and miasma.
Your stone body is resilient. (AC +4)
You are immune to poison.
You resist negative energy. (rN+)
You are resistant to electric shocks. (rElec)
You are resistant to unholy torment.
You are immune to petrification.


   Skills:
 - Level 3.2 Fighting
 + Level 4.8 Axes
 - Level 3.2 Armour
 - Level 3.2 Shields


You had 4 spell levels left.
You didn't know any spells.
Your spell library was empty.

Inventory:

Hand Weapons
 k - a +0 flail
 Y - a +0 war axe (weapon)
Armour
 a - a +1 pair of boots
 b - a +0 scale mail (worn)
 c - a +0 buckler (worn)
 f - a +0 helmet
Jewellery
 l - a +6 ring of intelligence
Potions
 d - a potion of might
 e - a potion of attraction
 g - a potion of curing
 h - a potion of lignification {unknown}
 i - a potion of heal wounds {unknown}
 j - a potion of haste {unknown}

Dungeon Overview and Level Annotations

Branches:
Dungeon (2/15)

Altars:
Hepliaklqana

Shops:
D:1 =


Message History

You kill the endoplasm!
A nearby fungus withers and dies. x3; The endoplasm hits the fungus.
The fungus begins to die.
The endoplasm hits the fungus.
The endoplasm hits the toadstool.
The endoplasm hits the fungus. x2
The endoplasm hits the toadstool.
The toadstool is destroyed!
The endoplasm hits the fungus.
You hit the jelly.
Your hands burn!
The jelly is moderately wounded.
You barely miss the endoplasm. The jelly hits you but does no damage.
The endoplasm hits the fungus. x2
The endoplasm hits you but does no damage.
You hit the jelly. The acid corrodes you!
Your hands burn!
The jelly is moderately wounded.
You hit the endoplasm.
A nearby fungus withers and dies.
You block the jelly's attack. The endoplasm freezes you.
You are frozen.
The endoplasm hits the toadstool. x2
The jelly completely misses you. The endoplasm hits you.
You hit the endoplasm but do no damage.
The endoplasm is heavily wounded.
You slash the jelly! The acid corrodes you!
Your hands burn!
A nearby fungus withers and dies.
The jelly hits you. The acid corrodes you!
You are splashed with acid!
The endoplasm hits the toadstool. x2
The toadstool is destroyed!
The endoplasm closely misses you.
You slash the jelly!
You kill the jelly!
You hit the endoplasm.
You kill the endoplasm!
You have reached level 5!
You hit the endoplasm but do no damage. x2
The endoplasm freezes you.
You are frozen.
The endoplasm hits you.
You hit the endoplasm but do no damage. x2
The endoplasm freezes you.
You are frozen.
The endoplasm freezes you.
You are frozen.
You die...

##.......## ##..# #.##.##
#.........####...#########.#...##
+.........'............[.........
#.........####......######<#...##
##.......## ##.....# #.##.##
##.....## ####### #.####
##...######### ### ##'##
#.%...%########## #.#
#.PP.JJ@##......##### # ### #.#
#%....J#.#.......##.# # ..###.##
#.P.PJJ#.#...)....'.####
#.##...###......#.#.......))...##
#.#.....##PP....#.#'#.....)'.#.##
#.##...###......#.#.#.....##.#.##
........##.P.P..#)#.#....###.....
#.###.####).%%..##.###########.##
#.# #.# ### #....#


You could see 5 endoplasms.

Vanquished Creatures
  A jelly (D:2)
  Robin (D:2)
  2 adders (D:2)
  A worm (D:2)
  3 ball pythons
  8 endoplasms
  5 giant cockroaches
  13 goblins
  5 hobgoblins
  3 jackals (D:2)
  14 kobolds
  A quokka (D:1)
  7 bats
  5 frilled lizards
  10 rats (D:1)
79 creatures vanquished.

Notes
Turn   | Place    | Note
-------+----------+-------------------------------------------
     0 | D:1      | qw the Gargoyle Fighter began the quest for the Orb.
     0 | D:1      | Reached XP level 1. HP: 14/14 MP: 1/1
     0 | D:1      | 0 ||| qw: Version: 0.2-a-29-g0080da8
     0 | D:1      | 0 ||| qw: Game counter: 3829
     0 | D:1      | 0 ||| qw: Always use a shield: true
     0 | D:1      | 0 ||| qw: God list: Okawaru
     0 | D:1      | 0 ||| qw: Allow faded altars: false
     0 | D:1      | 0 ||| qw: Do Orc after D:15 true
     0 | D:1      | 0 ||| qw: Do second Lair branch before Depths: true
     0 | D:1      | 0 ||| qw: Lair rune preference: random
     0 | D:1      | 0 ||| qw: Plans: Normal, Zot:1-4, Slime:5, God:TSO, Crypt,
                  | Tomb, Abyss, Pan, Hells, Win
     0 | D:1      | 0 ||| PLANNING D:1-11
   117 | D:1      | Reached skill level 2 in Axes
   231 | D:1      | 231 ||| Stepping ~*~*~tactically~*~*~ (hiding).
   241 | D:1      | Reached XP level 2. HP: 19/19 MP: 2/2
   455 | D:1      | Found Lyolileng's Jewellery Shop.
   456 | D:1      | 456 ||| Stepping ~*~*~tactically~*~*~ (stealth).
   457 | D:1      | 457 ||| Stepping ~*~*~tactically~*~*~ (stealth).
   461 | D:1      | Reached skill level 3 in Axes
   475 | D:1      | Reached XP level 3. HP: 23/23 MP: 3/3
   483 | D:1      | 483 ||| SHOPLISTING +4 ring of protection (504 gold, have
                  | 33).
   483 | D:1      | 483 ||| SHOPLISTING +6 ring of strength (504 gold, have
                  | 33).
   483 | D:1      | 483 ||| SHOPLISTING amulet of faith (560 gold, have 33).
   483 | D:1      | 483 ||| SHOPLISTING amulet of the acrobat (420 gold, have
                  | 33).
   483 | D:1      | 483 ||| SHOPLISTING ring of positive energy (280 gold, have
                  | 33).
   483 | D:1      | 483 ||| SHOPLISTING ring of protection from fire (350 gold,
                  | have 33).
   483 | D:1      | 483 ||| SHOPLISTING ring of see invisible (210 gold, have
                  | 33).
   734 | D:1      | 734 ||| Stepping ~*~*~tactically~*~*~ (stealth).
   926 | D:1      | 926 ||| READING scroll labelled RIRONN PEOQY.
   927 | D:1      | 927 ||| DRINKING 2 brown potions.
   928 | D:1      | 928 ||| DRINKING 2 yellow potions.
   929 | D:1      | 929 ||| DRINKING 2 emerald potions.
   930 | D:1      | 930 ||| DROPPING potion of enlightenment.
  1011 | D:2      | 1011 ||| Stepping ~*~*~tactically~*~*~ (stealth).
  1045 | D:2      | 1045 ||| DROPPING +0 club.
  1051 | D:2      | Noticed Robin
  1072 | D:2      | Reached XP level 4. HP: 18/28 MP: 4/4
  1081 | D:2      | HP: 6/28 [goblin/+0 club[Robin] (5)]
  1084 | D:2      | Killed Robin
  1085 | D:2      | Reached skill level 4 in Axes
  1381 | D:2      | 1381 ||| DROPPING +0 whip.
  1386 | D:2      | 1386 ||| Stepping ~*~*~tactically~*~*~ (stealth).
  1387 | D:2      | 1387 ||| Stepping ~*~*~tactically~*~*~ (stealth).
  1414 | D:2      | 1414 ||| Stepping ~*~*~tactically~*~*~ (stealth).
  1417 | D:2      | 1417 ||| Stepping ~*~*~tactically~*~*~ (stealth).
  1418 | D:2      | 1418 ||| Stepping ~*~*~tactically~*~*~ (stealth).
  1689 | D:2      | Found a hazy altar of Hepliaklqana.
  1908 | D:2      | HP: 7/28 [acid (9)]
  1910 | D:2      | Reached XP level 5. HP: 8/32 MP: 5/5
  1911 | D:2      | HP: 2/32 [frozen (3)]
  1911 | D:2      | Frozen to death by an endoplasm

Levels and vault maps discovered:
D:1:      minmay_arrival_split_and_join, layout_basic, serial_shops, shop,
          minmay_rat_gold_closets
D:2:      cheibrodos_fertilizer, layout_loops_corners, basic_altar,
          eino_tiny_chamber, kennysheep_nub, uniq_robin

Skill      XL: |  1  2  3  4 |
---------------+-------------+-----
Axes           | 2 3 4 |  4.8
Fighting       | |  3.2
Armour         | |  3.2
Shields        | |  3.2

Action                     |  1- 3 |  4- 6 || total
---------------------------+-------+-------++-------
  Melee: War axe           |   133 |    99 ||   232
    Use: Potion            |     3 |       ||     3
         Scroll            |     1 |       ||     1
 Armour: Scale mail        |    57 |    61 ||   118
  Dodge: Dodged            |    51 |    50 ||   101
  Block: Buckler           |    28 |    22 ||    50

Table legend:
 A = Non-vault XP
 B = Vault XP
 C = Vault XP percentage of total XP
 D = Non-vault monster count
 E = Vault monster count
 F = Vault count percentage of total count
                 A         B        C        D         E       F
            +---------+---------+-------+---------+---------+-------
      Total |     102 |     105 |  50.7 |      46 |      33 |  41.8
            +---------+---------+-------+---------+---------+-------
        D:1 |      40 |       9 |  18.4 |      24 |       9 |  27.3
        D:2 |      62 |      96 |  60.8 |      22 |      24 |  52.2
            +---------+---------+-------+---------+---------+-------
